 Dungeon Crawl Stone Soup version 0.22-a0-565-gfc6459a524 (webtiles) character file.

32 PikkenKukken the Caller (level 3, 0/24 HPs)
             Began as a Merfolk Summoner on June 28, 2018.
             Slain by a worm (9 damage)
             ... on level 2 of the Dungeon.
             The game lasted 00:09:05 (2299 turns).

PikkenKukken the Caller (Merfolk Summoner)          Turns: 2299, Time: 00:09:06

Health: 0/24       AC:  3    Str:  8    XL:     3   Next: 25%
Magic:  4/7        EV: 13    Int: 15    God:
Gold:   59         SH:  0    Dex: 14    Spells: 3/7 levels left

rFire    . . .     SeeInvis .   g - +0 spear
rCold    . . .     Gourm    .   (no shield)
rNeg     . . .     Faith    .   a - +1 robe
rPois    .         Spirit   .   (no helmet)
rElec    .         Reflect  .   (no cloak)
rCorr    .         Harm     .   (no gloves)
MR       .....                  (no boots)
Stlth    +++.......             (no amulet)
HPRegen  0.08/turn              h - ring of stealth
MPRegen  0.10/turn              (no ring)

@: no status effects
A: change form in water, swift swim, stealthy swim
a: no special abilities


You were on level 2 of the Dungeon.
You were not hungry.

You visited 1 branch of the dungeon, and saw 2 of its levels.

You collected 59 gold pieces.

Inventory:

Hand Weapons
 e - a +0 short sword
 g - a +0 spear (weapon)
Armour
 a - a +1 robe (worn)
Jewellery
 f - an uncursed ring of loudness
 h - a ring of stealth (left hand)
Scrolls
 i - a scroll of remove curse
Potions
 b - a potion of resistance
 d - 4 potions of curing
 j - a potion of brilliance {unknown}
 k - a potion of berserk rage {unknown}
 l - a potion of heal wounds {unknown}
Comestibles
 c - 3 rations
 m - 2 chunks of flesh


   Skills:
 * Level 0.1 Fighting
 * Level 0.2 Polearms
 - Level 2.6 Dodging
 - Level 2.1 Stealth
 + Level 2.7 Spellcasting
 + Level 4.5 Summonings


You had 3 spell levels left.
You knew the following spells:

 Your Spells              Type           Power        Failure   Level  Hunger
a - Summon Small Mammal   Summ           ###.         3%          1    #......
b - Call Canine Familiar  Summ           ###.....     10%         3    ###....

Your spell library contained the following spells:

 Spells                   Type           Power        Failure   Level  Hunger
 Summon Ice Beast         Ice/Summ       #.......     63%         4    #####..
 Call Imp                 Summ           ###.....     4%          2    ##.....
 Summon Lightning Spire   Summ/Air       #.......     63%         4    #####..
 Summon Guardian Golem    Hex/Summ       #.......     24%         3    ###....


Dungeon Overview and Level Annotations

Branches:
Dungeon (2/15)

Altars:


Message History

You barely miss the worm.
The worm is heavily wounded.
The worm bites you.
You barely miss the worm.
The worm is moderately wounded.
The worm barely misses you.
You hit the worm.
The worm is heavily wounded.
You hit the worm but do no damage.
The worm is heavily wounded.
The worm bites you but does no damage.
You hit the worm.
The worm is heavily wounded.
The worm bites you!
Casting: Summon Small Mammal (safe; 3% risk of failure)
Confirm with . or Enter, or press ? or * to list all spells.
You hit the worm.
The worm is heavily wounded.
Your hound barely misses the worm.
The worm bites you!
You die...
PPP..

#####..#.# ...... ###..... ....
.##### #.#.#.#. ... #.#..... ## ..
#...#.#. .. #.# ##......
###.#..### ### #####..###.
.........#####..#######......# #.
#..............w@........รท...####
#.<.......h#...>............
##.......)##.##########.####
......### #.# #.# # ..#..### #.#
#.# # ### #.# #.# #.# # .. #.# #.#
## .#. ####.# #.# #. $#.......###
#.# #.


You could see a worm and a friendly hound.

Vanquished Creatures
  5 bats
  2 giant cockroaches (D:1)
  3 goblins
  A hobgoblin (D:1)
  A frilled lizard (D:2)
  A rat (D:1)
13 creatures vanquished.

Vanquished Creatures (collateral kills)
  An ooze (D:1)
  A worm (D:2)
  A dart slug (D:1)
  A leopard gecko (D:1)
  A bat (D:1)
  4 goblins (D:1)
  4 kobolds (D:1)
  2 rats
15 creatures vanquished.

Grand Total: 28 creatures vanquished

Notes
Turn   | Place    | Note
-------+----------+-------------------------------------------
     0 | D:1      | PikkenKukken the Merfolk Summoner began the quest for the Orb.
     0 | D:1      | Reached XP level 1. HP: 13/13 MP: 3/3
   392 | D:1      | Reached XP level 2. HP: 9/19 MP: 3/5
  1358 | D:1      | Reached XP level 3. HP: 24/24 MP: 6/6
  1363 | D:1      | Learned a level 3 spell: Call Canine Familiar
  1637 | D:2      | Noticed a sky beast
  2299 | D:2      | Slain by a worm

Vault maps used:
D:1:      evilmike_arrival_hilbert_curve, minmay_misc_feat_room,
          dk_noncrumbling_3, kennysheep_boxes
D:2:      first_ration, chequers_ecumenical_altar_lobes,
          serial_co_window_serial, co_window_paths_a, co_window_paths_b,
          co_window_paths_a, co_window_paths_a, co_window_paths_a,
          co_window_corner_a, co_window_paths_a, co_window_of_opportunity_b,
          co_window_broadway_c, co_window_corner_b, co_window_cross_3,
          co_window_corner_b, co_window_2corner, co_window_2corner,
          glass_columns_a, glass_columns_a, glass_columns_a, glass_columns_b,
          nrook_mini_vaults

Action                   || total
-------------------------++-------
Melee: Unarmed           ||    27
       Short sword       ||    23
       Spear             ||    20
 Cast: Summon Small Mamm ||    30
       Call Canine Famil ||     3
  Use: Scroll            ||     6
 Stab: Sleeping          ||     6
  Eat: Chunk             ||     2
       Ration            ||     1
Armor: Robe              ||    19
Dodge: Dodged            ||    42

Table legend:
 A = Spawn XP
 B = Non-spawn XP
 C = Spawn XP percentage of total XP
 D = Spawn monster count
 E = Non-spawn monster count
 F = Spawn count percentage of total count
 G = Total turns spent on level
                    A         B        C        D         E        F      G
               +---------+---------+-------+---------+---------+-------+---------
         Total |       0 |      46 |   0.0 |       0 |      28 |   0.0 |  2299
               +---------+---------+-------+---------+---------+-------+---------
           D:1 |       0 |      34 |   0.0 |       0 |      21 |   0.0 |  1987
           D:2 |       0 |      12 |   0.0 |       0 |       7 |   0.0 |   312
               +---------+---------+-------+---------+---------+-------+---------
